 Dungeon Crawl Stone Soup version 0.23.2-40-g277498a (webtiles) character file.

Game seed: 972065462290501163

2044 EternalSandwich the Basher (level 9, -2/75 HPs)
             Began as a Green Draconian Berserker on Sept 23, 2019.
             Was a Priest of Trog.
             Slain by a wyvern (9 damage)
             ... on level 8 of the Dungeon.
             The game lasted 00:19:00 (5784 turns).

EternalSandwich the Basher (DrBe)                   Turns: 5784, Time: 00:19:01

Health: -2/75      AC:  7    Str: 20    XL:     9   Next: 4%
Magic:  9/9        EV: 11    Int:  8    God:    Trog [***...]
Gold:   347        SH:  7    Dex: 13    Spells: 8/8 levels left

rFire    . . .     SeeInvis .   h - +0 flail
rCold    . . .     Gourm    .   d - +0 shield (curse)
rNeg     . . .     Faith    +   (armour unavailable)
rPois    +         Spirit   .   (helmet restricted)
rElec    .         Reflect  .   (no cloak)
rCorr    .         Harm     .   (no gloves)
MR       ++...                  (no boots)
Stlth    +.........             g - amulet of faith
HPRegen  1.22/turn              (no ring)
MPRegen  0.11/turn              (no ring)

@: berserk cooldown, regenerating, slowed, very slow
A: breathe noxious fumes, unfitting armour, poison resistance, cold-blooded, AC
+7
a: Breathe Noxious Fumes, Berserk, Trog's Hand, Renounce Religion


You were on level 8 of the Dungeon.
You worshipped Trog.
Trog was most pleased with you.
You were very hungry.

You visited 1 branch of the dungeon, and saw 7 of its levels.

You collected 347 gold pieces.

Inventory:

Hand Weapons
 h - a +0 flail (weapon)
Missiles
 f - 2 tomahawks (quivered)
Armour
 d - a cursed +0 shield (worn)
Jewellery
 g - an amulet of faith (around neck)
 s - an uncursed ring of stealth
Wands
 o - a wand of acid (12)
 r - a wand of flame (23)
 y - a wand of digging (6)
 z - a wand of enslavement (8)
Scrolls
 c - 6 scrolls of identify
 e - 3 scrolls of teleportation
 k - a scroll of amnesia {unknown}
 l - 3 scrolls of blinking
 n - 2 scrolls of remove curse {unknown}
 p - 2 scrolls of fog {unknown}
 v - 2 scrolls of random uselessness {unknown}
 w - a scroll of enchant armour {unknown}
 x - a scroll of torment {unknown}
Potions
 a - a potion of magic {unknown}
 i - 4 potions of flight {unknown}
 j - 4 potions of curing
 m - a potion of cancellation {unknown}
 q - a potion of haste {unknown}
 t - a potion of lignification {unknown}
 u - a potion of agility {unknown}
Comestibles
 b - 8 rations


   Skills:
 - Level 5.8 Fighting
 * Level 10.5 Maces & Flails
 - Level 4.8 Dodging


You had 8 spell levels left.
You didn't know any spells.
Your spell library was empty.

Dungeon Overview and Level Annotations

Branches:
Dungeon (6/15)
 Temple: D:4-7

Altars:
Nemelex Xobeh
Uskayaw
Xom

Shops:
D:6 =


Innate Abilities, Weirdness & Mutations

You can breathe blasts of noxious fumes.
Your lurid green scales are hard. (AC +7)
You cannot fit into any form of body armour.
Your system is resistant to poisons. (rPois)
You are cold-blooded and may be slowed by cold attacks.


Message History

The wyvern bites you but does no damage.
You closely miss the wyvern. The wyvern misses you.
You block the wyvern's attack.
You hit the wyvern.
The wyvern is lightly wounded.
You hear the slow hiss of an avalanche of sand.
The wyvern bites you!
* * * LOW HITPOINT WARNING * * *
The wyvern barely misses you.
Your skin crawls.
You feel resistant to hostile enchantments.
You feel somewhat more hungry. The wyvern bites you.
* * * LOW HITPOINT WARNING * * *
You block the wyvern's attack.
You hit the wyvern but do no damage.
The wyvern is lightly wounded.
The wyvern bites you!
* * * LOW HITPOINT WARNING * * *
The wyvern bites you!
You die...

#.. #..## #...### ##.#
#).###.#... ...
...####......#.# .. .
#......(...##..### .. ..
..#####..#.......##.#.#
.##.......#.#....#....##
##..#####.#.#.##........
#. #..)..###l..(..#
#.......@.......
#.....#####.######
#.#...# .# ........ .#
#..)..... .# #........
.# ..####### .# .. .#


You could see a wyvern.

Vanquished Creatures
  Joseph (D:8)
  Sigmund (D:2)
  Duvessa (D:4)
  A black bear (D:6)
  An ice beast (D:5)
  2 sky beasts
  A centaur (D:8)
  2 bullfrogs
  Dowan (D:4)
  A scorpion (D:6)
  2 crimson imps (D:5)
  A hound (D:6)
  A bullfrog zombie (D:5)
  An orc priest (D:6)
  2 orc wizards
  2 bullfrog skeletons (D:4)
  Terence (D:2)
  Jessica (D:3)
  Ijyb (D:3)
  2 iguanas
  Natasha (thrice) (D:2)
  3 worker ants (D:4)
  7 adders
  8 gnolls
  2 oozes
  4 worms
  3 dart slugs
  2 leopard geckos (D:3)
  10 orcs
  7 bats
  4 giant cockroaches
  3 goblins (D:1)
  13 hobgoblins
  8 jackals
  4 kobolds
  4 quokkas
  3 frilled lizards
  A leopard gecko skeleton (D:5)
  6 rats
121 creatures vanquished.

Notes
Turn   | Place    | Note
-------+----------+-------------------------------------------
     0 | D:1      | EternalSandwich the Draconian Berserker began the quest for
                  | the Orb.
     0 | D:1      | Reached XP level 1. HP: 19/19 MP: 1/1
   151 | D:1      | Reached XP level 2. HP: 23/26 MP: 2/2
   428 | D:1      | Reached XP level 3. HP: 15/33 MP: 3/3
   494 | D:2      | Noticed Terence
   790 | D:2      | Killed Terence
   790 | D:2      | Reached skill level 4 in Maces & Flails
   790 | D:2      | Reached XP level 4. HP: 23/40 MP: 4/4
  1114 | D:2      | Reached ** piety under Trog
  1880 | D:2      | Reached XP level 5. HP: 38/46 MP: 5/5
  2047 | D:2      | Noticed Natasha
  2058 | D:2      | Killed Natasha
  2255 | D:2      | Noticed Sigmund
  2266 | D:2      | Killed Sigmund
  2266 | D:2      | Reached skill level 5 in Maces & Flails
  2266 | D:2      | Reached XP level 6. HP: 55/55 MP: 6/6
  2298 | D:2      | Noticed Natasha
  2305 | D:2      | Killed Natasha
  2427 | D:2      | Noticed Natasha
  2437 | D:2      | Killed Natasha
  2447 | D:3      | Noticed Ijyb
  2461 | D:3      | Killed Ijyb
  2461 | D:3      | Reached skill level 5 in Fighting
  2580 | D:3      | Noticed Jessica
  2584 | D:3      | Killed Jessica
  2602 | D:3      | Reached *** piety under Trog
  2912 | D:3      | Reached skill level 6 in Maces & Flails
  3041 | D:4      | Your scales start taking on a lurid green colour.
  3041 | D:4      | Reached XP level 7. HP: 61/61 MP: 7/7
  3041 | D:4      | Gained mutation: Your system is resistant to poisons.
                  | (rPois) [Green Draconian growth]
  3533 | D:4      | Found a hide-covered altar of Uskayaw.
  3563 | D:4      | Noticed Duvessa
  3572 | D:4      | Noticed Dowan
  3578 | D:4      | Killed Duvessa
  3581 | D:4      | Killed Dowan
  3778 | D:4      | Reached skill level 7 in Maces & Flails
  3917 | D:5      | Entered Level 5 of the Dungeon
  4277 | D:5      | Reached XP level 8. HP: 67/70 MP: 8/8
  4304 | D:5      | Found a shimmering altar of Xom.
  4668 | D:5      | Reached skill level 8 in Maces & Flails
  4746 | D:5      | Found a sparkling altar of Nemelex Xobeh.
  5177 | D:6      | Reached skill level 9 in Maces & Flails
  5532 | D:6      | Found Retzasipess's Jewellery Boutique.
  5731 | D:6      | You fall through a shaft for 2 floors!
  5754 | D:8      | Noticed Joseph
  5773 | D:8      | Killed Joseph
  5773 | D:8      | Reached skill level 10 in Maces & Flails
  5773 | D:8      | Reached XP level 9. HP: 41/75 MP: 9/9
  5784 | D:8      | Slain by a wyvern

Skill      XL: |  1  2  3  4  5  6  7  8 |
---------------+-------------------------+-----
Dodging        | 3 4 |  4.8
Maces & Flails | 4 5 6 7 10 | 10.5
Fighting       | 4 5 |  5.8

Action                   |  1- 3 |  4- 6 |  7- 9 || total
-------------------------+-------+-------+-------++-------
Melee: Mace              |    61 |       |       ||    61
       Tailslap          |     5 |    25 |    28 ||    58
       Flail             |    22 |   219 |   249 ||   490
Invok: Berserk           |     1 |     4 |     3 ||     8
       Trog's Hand       |       |     4 |     3 ||     7
  Use: Potion            |     1 |       |       ||     1
       Scroll            |       |       |     4 ||     4
 Stab: Sleeping          |     1 |     1 |       ||     2
  Eat: Chunk             |       |    11 |    10 ||    21
       Ration            |       |       |     1 ||     1
Armor: Skin              |    25 |    72 |    67 ||   164
Dodge: Dodged            |    34 |   119 |   111 ||   264
Block: Shield            |    34 |    98 |   105 ||   237
